TOP OF THE 1ST |
Rio Grande Rattlesnake batting - Pitching for Butler White Sox : RHP Cliff Erwin
|
Pitching: RHP Cliff Erwin
|
|
Batting: SHB William Daly
|
0-0: Ball 1-0: Called Strike 1-1: Swinging Strike 1-2: Fly out, F8 (Flyball, 8LM)
|
Batting: RHB Doug Delaney
|
0-0: Foul Ball, location: 2F 0-1: Ball 1-1: Swinging Strike 1-2: Fly out, F1 (Popup, 23)
|
Batting: RHB Liangde Que
|
0-0: Foul Ball, location: 2F 0-1: Ball 1-1: Called Strike 1-2: Strikes out looking
|
Top of the 1st over - 0 run(s), 0 hit(s), 0 error(s), 0 left on base; Rio Grande 0 - Butler 0 |
BOTTOM OF THE 1ST |
Butler White Sox batting - Pitching for Rio Grande Rattlesnake : RHP Raymond Gregg
|
Pitching: RHP Raymond Gregg
|
|
Batting: LHB Don Hull
|
0-0: Swinging Strike 0-1: Ball 1-1: Ball 2-1: Foul Ball, location: 2F 2-2: Ball 3-2: Strikes out swinging
|
Batting: LHB Dave Cook
|
0-0: Swinging Strike 0-1: Ball 1-1: Ball 2-1: Foul Ball, location: 2F 2-2: Fly out, F3 (Popup, 23)
|
Batting: RHB Richard Bankhead
|
0-0: Ball 1-0: Foul Ball, location: 2F 1-1: Foul Ball, location: 2F 1-2: Ball 2-2: Ball 3-2: Ground out 6-3 (Groundball, 6)
|
Bottom of the 1st over - 0 run(s), 0 hit(s), 0 error(s), 0 left on base; Rio Grande 0 - Butler 0 |
TOP OF THE 2ND |
Rio Grande Rattlesnake batting - Pitching for Butler White Sox : RHP Cliff Erwin
|
Batting: RHB Max Jones
|
0-0: Called Strike 0-1: Foul Ball, location: 2F 0-2: Ball 1-2: Ball 2-2: Strikes out swinging
|
Batting: RHB Hollis Wood
|
0-0: Called Strike 0-1: Ball 1-1: Called Strike 1-2: Ball 2-2: Foul Ball, location: 2F 2-2: Foul Ball, location: 2F 2-2: Ball 3-2: TRIPLE (Line Drive, 78M)
|
Batting: RHB Joe Courtier
|
0-0: Swinging Strike 0-1: Foul Ball, location: 2F 0-2: Fly out, F8 (Flyball, 78M) Runner from 3rd tags up, SCORES, throw made
|
Batting: SHB Brian Moyer
|
0-0: Ball 1-0: Swinging Strike 1-1: Ball 2-1: Swinging Strike 2-2: Foul Ball, location: 2F 2-2: Foul Ball, location: 2F 2-2: Reached on error, E4 (Groundball, 4)
|
Batting: RHB Maresuke Yoshida
|
0-0: Ball 1-0: Called Strike 1-1: Ball 2-1: Ground out 6-3 (Groundball, 6)
|
Top of the 2nd over - 1 run(s), 1 hit(s), 1 error(s), 1 left on base; Rio Grande 1 - Butler 0 |
BOTTOM OF THE 2ND |
Butler White Sox batting - Pitching for Rio Grande Rattlesnake : RHP Raymond Gregg
|
Batting: RHB Rodney González
|
0-0: Called Strike 0-1: Foul Ball, location: 2F 0-2: Ball 1-2: Strikes out swinging
|
Batting: LHB Mike Pearson
|
0-0: Called Strike 0-1: Ball 1-1: Swinging Strike 1-2: Foul Ball, location: 2F 1-2: Strikes out looking
|
Batting: SHB Ben Marks
|
0-0: Swinging Strike 0-1: Ball 1-1: Ball 2-1: Swinging Strike 2-2: SINGLE (Groundball, 34S)
|
Batting: RHB Luis Ramos
|
0-0: Called Strike 0-1: Ball 1-1: Called Strike 1-2: Ball 2-2: Ball 3-2: Strikes out swinging
|
Bottom of the 2nd over - 0 run(s), 1 hit(s), 0 error(s), 1 left on base; Rio Grande 1 - Butler 0 |
TOP OF THE 3RD |
Rio Grande Rattlesnake batting - Pitching for Butler White Sox : RHP Cliff Erwin
|
Batting: SHB Jeremy Holmes
|
0-0: Ball 1-0: SINGLE (Line Drive, 4D)
|
Batting: SHB William Daly
|
0-0: Swinging Strike 0-1: Ball 1-1: Ball 2-1: Foul Ball, location: 2F 2-2: Strikes out swinging
|
Batting: RHB Doug Delaney
|
0-0: Grounds into double play, 4-6-3 (Groundball, 4)
|
Top of the 3rd over - 0 run(s), 1 hit(s), 0 error(s), 0 left on base; Rio Grande 1 - Butler 0 |
BOTTOM OF THE 3RD |
Butler White Sox batting - Pitching for Rio Grande Rattlesnake : RHP Raymond Gregg
|
Batting: RHB Evan Robinson
|
0-0: Foul Ball, location: 2F 0-1: Ground out 3-1 (Groundball, 34)
|
Batting: RHB Raúl Bruno
|
0-0: Ball 1-0: Ball 2-0: Called Strike 2-1: Called Strike 2-2: Ball 3-2: Foul Ball, location: 2F 3-2: Foul Ball, location: 2F 3-2: DOUBLE (Groundball, 3L)
|
Batting: LHB Don Hull
|
0-0: Called Strike 0-1: Swinging Strike 0-2: Foul Ball, location: 2F 0-2: Ball 1-2: Foul Ball, location: 2F 1-2: Ball 2-2: Ball 3-2: Base on Balls
|
Batting: LHB Dave Cook
|
0-0: Called Strike 0-1: Ball 1-1: Ball 2-1: Ball 3-1: Called Strike 3-2: Base on Balls Raúl Bruno to third Don Hull to second
|
Batting: RHB Richard Bankhead
|
0-0: Called Strike 0-1: Foul Ball, location: 2F 0-2: Ball 1-2: Ball 2-2: Foul Ball, location: 2F 2-2: Ball 3-2: Fly out, F7 (Flyball, 78M) Runner from 3rd tags up, SCORES, no throw
|
Batting: RHB Rodney González
|
0-0: Ball 1-0: Swinging Strike 1-1: Swinging Strike 1-2: Ball 2-2: Fielders Choice at 2nd, 6-4 (Groundball, 6)
|
Bottom of the 3rd over - 1 run(s), 1 hit(s), 0 error(s), 1 left on base; Rio Grande 1 - Butler 1 |
TOP OF THE 4TH |
Rio Grande Rattlesnake batting - Pitching for Butler White Sox : RHP Cliff Erwin
|
Batting: RHB Liangde Que
|
0-0: Ball 1-0: Ball 2-0: Called Strike 2-1: Ball 3-1: Fly out, F8 (Flyball, 8RD)
|
Batting: RHB Max Jones
|
0-0: Foul Ball, location: 2F 0-1: Ball 1-1: Foul Ball, location: 2F 1-2: Foul Ball, location: 2F 1-2: Strikes out swinging
|
Batting: RHB Hollis Wood
|
0-0: Ball 1-0: Fly out, F7 (Flyball, 78D)
|
Top of the 4th over - 0 run(s), 0 hit(s), 0 error(s), 0 left on base; Rio Grande 1 - Butler 1 |
BOTTOM OF THE 4TH |
Butler White Sox batting - Pitching for Rio Grande Rattlesnake : RHP Raymond Gregg
|
Batting: LHB Mike Pearson
|
0-0: Ball 1-0: Ball 2-0: Ball 3-0: Called Strike 3-1: Base on Balls
|
Batting: SHB Ben Marks
|
0-0: Ball 1-0: Called Strike 1-1: Ball 2-1: Swinging Strike 2-2: Ball 3-2: Foul Ball, location: 2F 3-2: Foul Ball, location: 2F 3-2: Foul Ball, location: 2F 3-2: Foul Ball, location: 2F 3-2: Foul Ball, location: 2F 3-2: Foul Ball, location: 2F 3-2: Strikes out looking
|
Batting: RHB Luis Ramos
|
0-0: Ball 1-0: Ball 2-0: Called Strike 2-1: Foul Ball, location: 2F 2-2: Foul Ball, location: 2F 2-2: Strikes out swinging Mike Pearson steals 2nd base Batter strikes out.
|
Pitching: RHP Nelson Britt
|
|
Batting: RHB Evan Robinson
|
0-0: Ball 1-0: Called Strike 1-1: Ball 2-1: Foul Ball, location: 2F 2-2: Ball 3-2: Foul Ball, location: 2F 3-2: SINGLE (Line Drive, 6MD) Mike Pearson to third Mike Pearson scores
|
Batting: RHB Raúl Bruno
|
0-0: Called Strike 0-1: Ground out 3-1 (Groundball, 3D)
|
Bottom of the 4th over - 1 run(s), 1 hit(s), 0 error(s), 1 left on base; Rio Grande 1 - Butler 2 |
TOP OF THE 5TH |
Rio Grande Rattlesnake batting - Pitching for Butler White Sox : RHP Cliff Erwin
|
Batting: RHB Joe Courtier
|
0-0: Ball 1-0: Ball 2-0: Called Strike 2-1: Foul Ball, location: 2F 2-2: Strikes out swinging
|
Batting: SHB Brian Moyer
|
0-0: Ball 1-0: Foul Ball, location: 2F 1-1: Ball 2-1: Called Strike 2-2: Ball 3-2: Foul Ball, location: 2F 3-2: SINGLE (Flyball, 9LS)
|
Batting: RHB Maresuke Yoshida
|
0-0: Called Strike 0-1: SINGLE (Groundball, 5D) Brian Moyer to second
|
Batting: SHB Jeremy Holmes
|
0-0: Ball 1-0: Foul Ball, location: 2F 1-1: Ball 2-1: Ball 3-1: Foul Ball, location: 2F 3-2: Strikes out swinging
|
Batting: SHB William Daly
|
0-0: Ball 1-0: Ball 2-0: Ball 3-0: Base on Balls Brian Moyer to third Maresuke Yoshida to second
|
Batting: RHB Doug Delaney
|
0-0: Fly out, F9 (Flyball, 89M)
|
Top of the 5th over - 0 run(s), 2 hit(s), 0 error(s), 3 left on base; Rio Grande 1 - Butler 2 |
BOTTOM OF THE 5TH |
Butler White Sox batting - Pitching for Rio Grande Rattlesnake : RHP Nelson Britt
|
Batting: LHB Don Hull
|
0-0: Foul Ball, location: 2F 0-1: Called Strike 0-2: Strikes out swinging
|
Batting: LHB Dave Cook
|
0-0: Swinging Strike 0-1: Ball 1-1: Fly out, F8 (Flyball, 78M)
|
Batting: RHB Richard Bankhead
|
0-0: Ball 1-0: Ball 2-0: Ball 3-0: Base on Balls
|
Batting: RHB Rodney González
|
0-0: Called Strike 0-1: Ball 1-1: Ball 2-1: Foul Ball, location: 2F 2-2: Fly out, F8 (Flyball, 8RM)
|
Bottom of the 5th over - 0 run(s), 0 hit(s), 0 error(s), 1 left on base; Rio Grande 1 - Butler 2 |
TOP OF THE 6TH |
Rio Grande Rattlesnake batting - Pitching for Butler White Sox : RHP Cliff Erwin
|
Batting: RHB Liangde Que
|
0-0: Foul Ball, location: 2F 0-1: Ball 1-1: Swinging Strike 1-2: Strikes out swinging
|
Batting: RHB Max Jones
|
0-0: Foul Ball, location: 2F 0-1: Ball 1-1: Swinging Strike 1-2: Strikes out swinging
|
Batting: RHB Hollis Wood
|
0-0: DOUBLE (Line Drive, 89S)
|
Batting: RHB Joe Courtier
|
0-0: Called Strike 0-1: Swinging Strike 0-2: DOUBLE (Flyball, 89XD) Hollis Wood scores
|
Pitching: LHP Dexter Browning
|
|
Batting: SHB Brian Moyer
|
0-0: Ground out 6-3 (Groundball, 56)
|
Top of the 6th over - 1 run(s), 2 hit(s), 0 error(s), 1 left on base; Rio Grande 2 - Butler 2 |
BOTTOM OF THE 6TH |
Butler White Sox batting - Pitching for Rio Grande Rattlesnake : RHP Nelson Britt
|
Batting: LHB Mike Pearson
|
0-0: Ball 1-0: Foul Ball, location: 2F 1-1: Foul Ball, location: 2F 1-2: Ball 2-2: Ball 3-2: Base on Balls
|
Batting: SHB Ben Marks
|
0-0: Called Strike Mike Pearson steals 2nd base 0-1: SINGLE (Groundball, 15) (infield hit) Mike Pearson to third
|
Batting: RHB Luis Ramos
|
0-0: Ball 1-0: Ball 2-0: Ball 3-0: Called Strike 3-1: Ground out 5-3 (Groundball, 5S) Mike Pearson scores Ben Marks to second
|
Batting: RHB Evan Robinson
|
0-0: Ball 1-0: Called Strike 1-1: Foul Ball, location: 2F 1-2: Ball Wild Pitch! Ben Marks to third 2-2: Ground out 5-3 (Groundball, 56) Ben Marks scores
|
Batting: RHB Raúl Bruno
|
0-0: SINGLE (Line Drive, 34D)
|
Batting: LHB Don Hull
|
0-0: Called Strike 0-1: Foul Ball, location: 2F 0-2: Ball 1-2: Strikes out swinging
|
Bottom of the 6th over - 2 run(s), 2 hit(s), 0 error(s), 1 left on base; Rio Grande 2 - Butler 4 |
TOP OF THE 7TH |
Rio Grande Rattlesnake batting - Pitching for Butler White Sox : LHP Dexter Browning
|
Batting: RHB Maresuke Yoshida
|
0-0: Called Strike 0-1: Ball 1-1: Ball 2-1: Ball 3-1: TRIPLE (Line Drive, 7LS)
|
Batting: SHB Jeremy Holmes
|
0-0: Ball 1-0: Called Strike 1-1: Foul Ball, location: 2F 1-2: Ball 2-2: Fly out, F8 (Flyball, 8LM) Runner from 3rd tags up, SCORES, no throw
|
Batting: SHB William Daly
|
0-0: Ball 1-0: Ball 2-0: Ball 3-0: Called Strike 3-1: Ground out 5-3 (Groundball, 5)
|
Batting: RHB Doug Delaney
|
0-0: Ball 1-0: Foul Ball, location: 2F 1-1: Swinging Strike 1-2: Strikes out swinging
|
Top of the 7th over - 1 run(s), 1 hit(s), 0 error(s), 0 left on base; Rio Grande 3 - Butler 4 |
BOTTOM OF THE 7TH |
Butler White Sox batting - Pitching for Rio Grande Rattlesnake : RHP Nelson Britt
|
Pitching: RHP Adrián Mora
|
|
Batting: LHB Dave Cook
|
0-0: Swinging Strike 0-1: Ball 1-1: Ball 2-1: Foul Ball, location: 2F 2-2: Foul Ball, location: 2F 2-2: Ball 3-2: Ground out U3 (Groundball, 3S)
|
Batting: RHB Richard Bankhead
|
0-0: Foul Ball, location: 2F 0-1: Swinging Strike 0-2: Foul Ball, location: 2F 0-2: Ball 1-2: Foul Ball, location: 2F 1-2: Fly out, F9 (Flyball, 89M)
|
Batting: RHB Rodney González
|
0-0: Ball 1-0: Foul Ball, location: 2F 1-1: Ball 2-1: Ground out 5-3 (Groundball, 56S)
|
Bottom of the 7th over - 0 run(s), 0 hit(s), 0 error(s), 0 left on base; Rio Grande 3 - Butler 4 |
TOP OF THE 8TH |
Rio Grande Rattlesnake batting - Pitching for Butler White Sox : LHP Dexter Browning
|
Batting: RHB Liangde Que
|
0-0: Called Strike 0-1: Swinging Strike 0-2: Foul Ball, location: 2F 0-2: Ground out 6-3 (Groundball, 6)
|
Batting: RHB Max Jones
|
0-0: Foul Ball, location: 2F 0-1: Swinging Strike 0-2: Fly out, F8 (Popup, 8RS)
|
Batting: RHB Hollis Wood
|
0-0: Called Strike 0-1: Called Strike 0-2: Ground out 6-3 (Groundball, 6)
|
Top of the 8th over - 0 run(s), 0 hit(s), 0 error(s), 0 left on base; Rio Grande 3 - Butler 4 |
BOTTOM OF THE 8TH |
Butler White Sox batting - Pitching for Rio Grande Rattlesnake : RHP Adrián Mora
|
Batting: LHB Mike Pearson
|
0-0: Ball 1-0: Called Strike 1-1: Ball 2-1: Ball 3-1: Foul Ball, location: 2F 3-2: SINGLE (Groundball, 4MD)
|
Pinch Hitting: SHB Pedro Martínez
|
0-0: Called Strike Mike Pearson steals 2nd base 0-1: Called Strike Mike Pearson steals 3rd base 0-2: Foul Ball, location: 2F 0-2: Fly out, F7 (Flyball, 7D) Runner from 3rd tags up, SCORES, no throw
|
Batting: RHB Luis Ramos
|
0-0: Ball 1-0: Ball 2-0: Ball 3-0: Base on Balls
|
Batting: RHB Evan Robinson
|
0-0: Ball 1-0: Called Strike 1-1: Ball 2-1: Foul Ball, location: 2F 2-2: Ball 3-2: Foul Ball, location: 2F 3-2: Strikes out swinging
|
Batting: RHB Raúl Bruno
|
0-0: Ball 1-0: Fly out, F9 (Line Drive, 9LS)
|
Bottom of the 8th over - 1 run(s), 1 hit(s), 0 error(s), 1 left on base; Rio Grande 3 - Butler 5 |
TOP OF THE 9TH |
Rio Grande Rattlesnake batting - Pitching for Butler White Sox : LHP Dexter Browning
|
Pitching: RHP Ricardo Marino
|
|
Now at C: Mançio Delmage
|
|
Now at 2B: Tomás Escobar
|
|
Batting: RHB Joe Courtier
|
0-0: Swinging Strike 0-1: Called Strike 0-2: Foul Ball, location: 2F 0-2: Foul Ball, location: 2F 0-2: Strikes out swinging
|
Batting: SHB Brian Moyer
|
0-0: Called Strike 0-1: Ball 1-1: Called Strike 1-2: Ball 2-2: Ball 3-2: SINGLE (Groundball, 56D)
|
Pinch Hitting: SHB Ralph Robison
|
0-0: Called Strike 0-1: Foul Ball, location: 2F 0-2: Ball 1-2: Ball 2-2: Ball 3-2: Base on Balls Brian Moyer to second
|
Pinch Hitting: RHB Jeff Bane
|
0-0: Ball 1-0: Called Strike 1-1: Ball 2-1: Swinging Strike 2-2: Strikes out swinging
|
Batting: SHB William Daly
|
0-0: Fielders Choice at 2nd, 5-4 (Groundball, 5)
|
Top of the 9th over - 0 run(s), 1 hit(s), 0 error(s), 1 left on base; Rio Grande 3 - Butler 5 |
|